details: 'mass aow rush'

« prev index next »

General information

Mini Map

Players

team 1
Random» NightElfTIMG4STRok (red | 107 APM | 609 actions | 05:41)
Hero icon 1 Demon Hunter
Ability icon 1 Mana Burn

» actions
Assign group hotkey18
Basic commands5
Build / train23
Enter build submenu8
Enter hero's abilities submenu1
Right click333
Select / deselect99
Select group hotkey93
Use ability29
609 total
» units
Wisp12
Archer8
20 total
» buildings
Altar of Elders1
Moon Well3
Ancient of War4
8 total
» build order
00:04 Altar of Elders
00:20 Moon Well
00:46 Ancient of War
01:46 Ancient of War
02:15 Moon Well
02:52 Ancient of War
02:58 Ancient of War
03:44 Moon Well
team 2
NightElfcolbyffa (gray | 84 APM | 475 actions | 05:40)
Hero icon 1 Demon Hunter
Ability icon 1 Mana Burn
Hero icon 1 Naga Sea Witch
Ability icon 1 Frost Arrows

» actions
Assign group hotkey3
Build / train25
ESC pressed1
Enter build submenu10
Enter hero's abilities submenu2
Right click251
Select / deselect156
Select group hotkey3
Use ability24
475 total
» units
Wisp14
14 total
» buildings
Tree of Ages3
Altar of Elders1
Moon Well6
10 total
» build order
00:46 Tree of Ages
00:46 Tree of Ages
00:46 Tree of Ages
00:55 Altar of Elders
01:05 Moon Well
02:12 Moon Well
02:44 Moon Well
04:27 Moon Well
05:32 Moon Well
05:37 Moon Well
» items
Dust of Appearance1
1 total
observers
snarker, royceroyce2001, Geil.Nonent, MetaLHealtH420, lifeofasalesman, Kais, Over.Kill, Jun-Tangy, sweet-jesus, XdrR

Chat log

(00:07 / All) TIMG4STRok: gl/hf
(00:11 / All) colbyffa: yeah you too

(05:39 / All) colbyffa: gg